 Dungeon Crawl Stone Soup version 0.30-a0-830-gfe289a77b0 (webtiles) character file.

Game seed: 15116818613379577208

26 freelancePsychic the Sneak (level 2, 0/12 HPs)
             Began as a Felid Wanderer on Feb 28, 2023.
             Slain by a hound (5 damage)
             ... on level 3 of the Dungeon.
             The game lasted 00:02:44 (1677 turns).

freelancePsychic the Sneak (Felid Wanderer)         Turns: 1677, Time: 00:02:44

Health: 0/12       AC:  1    Str:  6    XL:     2   Next: 89%
Magic:  0/4        EV: 15    Int: 15    God:
Gold:   79         SH:  0    Dex: 15    Spells: 1/3 levels left
                                        Lives:  0   Deaths: 0

rFire   . . .      SeeInvis +      - Unarmed
rCold   . . .      Faith    .    (shield unavailable)
rNeg    . . .      Spirit   .    (body armour unavailable)
rPois   .          Reflect  .    (helmet unavailable)
rElec   .          Harm     .    (cloak unavailable)
rCorr   .          Rampage  .    (gloves unavailable)
Will    .....                    (boots unavailable)
Stlth   +++                      (no amulet)
HPRegen 0.22/turn                (no ring)
MPRegen 0.09/turn                (no ring)

@: very slightly contaminated, invisible, quick
A: very small, claws 1, fangs 3, see invisible, speed 1, shaggy fur 1, stealthy
paws, no weapons or thrown items, no armour, multi-lived
a: no special abilities


You were on level 3 of the Dungeon.
You visited 1 branch of the dungeon, and saw 3 of its levels.

You collected 79 gold pieces.

Inventory:

Scrolls
 c - 2 scrolls of teleportation {@r4}
 d - 2 scrolls of identify {unknown}
 f - a scroll of poison {unknown}
Potions
 e - a potion of resistance {unknown}


   Skills:
 + Level 1.5 Fighting
 - Level 4.5 Stealth
 - Level 3.0 Unarmed Combat
 - Level 1.0 Spellcasting
 * Level 0.5 Conjurations
 - Level 2.5 Translocations
 * Level 0.6 Earth Magic
 - Level 1.1 Evocations


You had one spell level left.
You knew the following spells:

 Your Spells              Type           Power      Damage    Failure   Level
a - Apportation           Tloc           16%        N/A       9%          1
b - Sandblast             Erth           4%         2d4       19%         1

Your spell library contained the following spells:

 Spells                   Type           Power      Damage    Failure   Level
 Gell's Gravitas          Tloc           8%         N/A       26%         3
 Passwall                 Tmut/Erth      0%         N/A       32%         2
 Stone Arrow              Conj/Erth      4%         3d7       50%         3


Dungeon Overview and Level Annotations

Branches:
Dungeon (3/15)

Altars:

Annotations:
D:1 1 transporter


Innate Abilities, Weirdness & Mutations

You have sharp claws.
You have razor-sharp teeth.
You have supernaturally acute eyesight. (SInv)
You cover ground quickly. (Speed+)
You are covered in fur. (AC +1)
Your paws help you pounce on unaware monsters.
You are incapable of wielding weapons or throwing items.
You cannot wear armour.
You gain extra lives every three experience levels.


Message History

A hound comes into view.
The hound barks!
The blast of sand hits the hound.
The hound is lightly wounded.
An orc comes into view.
It is wielding a +0 flail and quivering boomerangs of dispersal.
The orc moves out of view.
The blast of sand hits the hound.
The hound is lightly wounded.
The hound bites you. The hound misses you.
You are too injured to fight recklessly!
You are too injured to fight recklessly!
Casting: Sandblast (safe; 19% risk of failure)
Confirm with . or Enter, or press ? or * to list all spells.
Aiming: Apportation (safe; 9% risk of failure)
Press: ? - help, Dir - move target, p - hound Apport: a +0 club You miscast Apportation.
You are very lightly contaminated with residual magic.
Nothing appears to happen.
The hound barely misses you. x2
Casting: Apportation (safe; 9% risk of failure)
Confirm with . or Enter, or press ? or * to list all spells.
Aiming: Sandblast (safe; 19% risk of failure)
Press: ? - help, Shift-Dir - straight line, f - hound
Aim: a hound (lightly wounded, 73% to hit)
The blast of sand hits the hound.
The hound is lightly wounded.
The orc shouts!
The hound bites you.
The orc throws a boomerang of dispersal.
The boomerang of dispersal misses you. The hound misses you.
An endoplasm comes into view.
As you read the scroll of summoning, it crumbles to dust.
Wisps of shadow whirl around you... The hound misses you.
The orc throws a boomerang of dispersal.
The boomerang of dispersal hits your giant cockroach.
Your giant cockroach blinks!
The hound closely misses you.
You fade into invisibility!
The hound bites you.
You die...

.. ... ... ... # . .... ..J
.# .. ....###.##o#..
............#
......l..ยง..#+###
#......h........# ...
#@##.#....# ###
.##.###.)..#....# #<#
................# #.#
###.............# #.#
####.............# #.#
##<##.#.....##....####.#
.#.........#............#
...........'........#######
...#.........##..............


You could see a hound (ally target), an orc (unable to see you), an endoplasm
and a friendly frilled lizard (summoned).

Vanquished Creatures
  2 dart slugs (D:2)
  2 endoplasms
  2 hobgoblins
  A quokka (D:1)
  2 ball pythons
  5 bats
  3 goblins
  2 kobolds
  3 rats
22 creatures vanquished.

Notes
Turn   | Place    | Note
-------+----------+-------------------------------------------
     0 | D:1      | freelancePsychic the Felid Wanderer began the quest for the
                  | Orb.
     0 | D:1      | freelancePsychic set off with the following items: a potion
                  | of invisibility, a scroll of summoning, a scroll of
                  | teleportation {@r4}; and the following spell memorised:
                  | Apportation; and the following spells available to
                  | memorise: Gell's Gravitas.
     0 | D:1      | Reached XP level 1. HP: 9/9 MP: 3/3
   556 | D:1      | Reached XP level 2. HP: 12/12 MP: 4/4
   585 | D:1      | Found a faded altar of an unknown god.
   742 | D:1      | Learned a level 1 spell: Sandblast
  1677 | D:3      | Slain by a hound

Illustrated notes

Levels and vault maps discovered:
D:1:      spicycebolla_arrival_risky_transporter, layout_loops_ring,
          shapermc_ecumenical_altar_ellora
D:2:      layout_basic, st_stairs_9, skrybe_limestone_x, minmay_misc_feat_cross
D:3:      layout_basic

Skill      XL: |  1 |
---------------+----+-----
Translocations | 2 |  2.5
Fighting       | |  1.5
Stealth        | |  4.5
Unarmed Combat | |  3.0
Spellcasting   | |  1.0
Conjurations   | |  0.5
Earth Magic    | |  0.6
Evocations     | |  1.1

Action                     || total
---------------------------++-------
  Melee: Unarmed           ||    30
   Cast: Sandblast         ||    23
    Use: Scroll            ||     1
         Potion            ||     1
   Stab: Sleeping          ||     7
 Armour: Skin              ||     3
  Dodge: Dodged            ||    26

Table legend: (Time is in decaauts)
 A = Elapsed time spent in this place.
 B = Non-inter-level travel time spent in this place.
 C = Inter-level travel time spent in this place.
 D = Time resting spent in this place.
 E = Time spent auto-exploring this place.
 F = Levels seen in this place.
 G = Mean time per level.
                   A        B        C        D        E       F      G
               +--------+--------+--------+--------+--------+-----+--------+
         Total |   1430 |   1339 |     91 |     12 |   1081 |   3 |  476.7 |
       Dungeon |   1430 |   1339 |     91 |     12 |   1081 |   3 |  476.7 |
               +--------+--------+--------+--------+--------+-----+--------+

Top non-repeatable levels by time:
     D:1: 681 daAuts
     D:2: 671 daAuts
     D:3: 76 daAuts
